[Event "Titled Tuesday Blitz July 25 Early 2023"]
[White "Skvortsov, Andrei"]
[Black "Karamsetty, Jeevan"]
[WhiteFideId "24108600"]
[BlackFideId "2025337"]
[WhiteElo "2741"]
[BlackElo "2519"]
[Result "1-0"]
[Round "10"]
[TimeControl "180+2"]
[Date "2023.07.25"]
[WhiteClock "0:00:12"]
[BlackClock "0:00:00"]
[Board "39"]

1. e4 g6 2. g3 Bg7 3. Bg2 d6 4. Ne2 Nf6 5. O-O O-O 6. d4 e5 7. h3 exd4 8. Nxd4 Re8 9. Nc3 Nfd7 10. Nb3 Nc6 11. Nd5 b6 12. c3 Bb7 13. h4 Nc5 14. Bg5 Qd7 15. Nxc5 bxc5 16. Qd2 Ne5 17. Nf6+ Bxf6 18. Bxf6 Qe6 19. Bg5 Nc4 20. Qf4 Rab8 21. b3 Ne5 22. Rad1 Ba6 23. c4 Bb7 24. Bf6 Bc8 25. f3 h5 26. Rd5 Nd7 27. Bc3 f6 28. Qh6 Qf7 29. f4 Qg7 30. Qxg7+ Kxg7 31. e5 Bb7 32. exf6+ Nxf6 33. Rdd1 Bxg2 34. Kxg2 Re2+ 35. Rf2 Rbe8 36. Rd2 R2e3 37. Bb2 Kf7 38. Rf3 Re1 39. Bc3 Ng4 40. a4 R8e2+ 41. Rxe2 Rxe2+ 42. Kg1 Ke6 43. Kf1 Rc2 44. Ke1 Kf5 45. Kd1 Rg2 46. Ba5 Ke4 47. Rc3 Ne3+ 48. Kc1 Rg1+ 49. Kd2 Rg2+ 50. Kc1 Kd4 51. Kb1 Rg1+ 52. Ka2 Nd1 53. Rc1 Rg2+ 54. Kb1 Ne3 55. Bc3+ Ke4 56. Ba5 Rxg3 57. Bxc7 Nf5 58. Kb2 Kxf4 59. Rd1 Ke5 60. Rd5+ Ke6 61. Bb8 Rg2+ 62. Kc3 Rg3+ 63. Kb2 Rg4 64. Bxa7 Rxh4 65. a5 Nd4 66. a6 Rh2+ 67. Kc3 Ne2+ 68. Kc2 Nf4+ 69. Rd2 Rxd2+ 70. Kxd2 Kd7 71. Bxc5 Kc8 72. Bxd6 Ne6 73. b4 Nd8 74. b5 Kd7 75. a7 1-0


[Site "https://www.chess.com"]

[Event "Titled Tuesday Blitz July 25 Early 2023"]
[White "Mishra, Manoj"]
[Black "Djordjevic, Vuk"]
[WhiteFideId "5006007"]
[BlackFideId "902098"]
[WhiteElo "2245"]
[BlackElo "2739"]
[Result "0-1"]
[Round "10"]
[TimeControl "180+2"]
[Date "2023.07.25"]
[WhiteClock "0:00:05"]
[BlackClock "0:00:05"]
[Board "40"]

1. d4 Nf6 2. c4 e6 3. Nf3 d5 4. g3 Be7 5. Bg2 O-O 6. Nc3 dxc4 7. O-O Nc6 8. e4 Bb4 9. Bg5 h6 10. Bxf6 Qxf6 11. e5 Qe7 12. Qc2 Rd8 13. Rad1 Rb8 14. d5 Bxc3 15. dxc6 Ba5 16. Rxd8+ Qxd8 17. Rd1 Qe7 18. Qxc4 Bb6 19. Nd4 Bxd4 20. Qxd4 bxc6 21. Qd8+ Qf8 22. Bxc6 Bb7 23. Qxc7 Bxc6 24. Qxc6 Rxb2 25. Qc7 Kh7 26. Qxa7 Rb5 27. Rd7 Kg6 28. Qd4 Rb1+ 29. Kg2 Qa8+ 30. Kh3 Qf3 31. Qg4+ Qxg4+ 32. Kxg4 Rb2 33. a4 Rxf2 34. a5 Rxh2 35. a6 Ra2 36. a7 Ra3 37. Kf4 Ra4+ 38. Kf3 f6 39. exf6 gxf6 40. Rb7 Kf5 41. Rh7 Ra3+ 42. Kg2 e5 43. Rxh6 Rxa7 44. Rh8 Ra2+ 45. Kh3 Ra3 46. Rh5+ Ke4 47. Rxe5+ Kxe5 48. Kh4 Kf5 49. g4+ Kg6 50. g5 Ra4+ 51. Kg3 fxg5 0-1


[Site "https://www.chess.com"]

[Event "Titled Tuesday Blitz July 25 Early 2023"]
[White "Omariev, Maksim"]
[Black "Aravindh, Chithambaram VR."]
[WhiteFideId "4193423"]
[BlackFideId "5072786"]
[WhiteElo "2440"]
[BlackElo "2902"]
[Result "0-1"]
[Round "10"]
[TimeControl "180+2"]
[Date "2023.07.25"]
[WhiteClock "0:00:00"]
[BlackClock "0:02:08"]
[Board "41"]

1. g4 h5 2. g5 g6 3. d4 Bg7 4. Bg2 d5 5. c3 c6 6. Nf3 Bg4 7. Bf4 Nd7 8. Nbd2 e6 9. h3 Bxf3 10. Nxf3 Ne7 11. Qd3 O-O 12. O-O-O c5 13. Kb1 Nf5 14. e4 dxe4 15. Qxe4 cxd4 16. Nxd4 Nc5 17. Nxf5 Nxe4 18. Rxd8 Raxd8 19. Nxg7 Nxf2 20. Rf1 Nd3 21. Bc7 Rd7 0-1


[Site "https://www.chess.com"]

[Event "Titled Tuesday Blitz July 25 Early 2023"]
[White "Zhigalko, Sergei"]
[Black "Shuvalova, Polina"]
[WhiteFideId "13502956"]
[BlackFideId "24171760"]
[WhiteElo "2865"]
[BlackElo "2663"]
[Result "1-0"]
[Round "10"]
[TimeControl "180+2"]
[Date "2023.07.25"]
[WhiteClock "0:00:15"]
[BlackClock "0:00:00"]
[Board "42"]

1. e4 c6 2. d4 d5 3. e5 Bf5 4. Nf3 e6 5. Be2 Ne7 6. O-O Nd7 7. Nbd2 Ng6 8. Nb3 f6 9. Ne1 h5 10. f4 h4 11. Be3 Qc7 12. a4 a6 13. a5 c5 14. Bg4 Ne7 15. Nxc5 Nxc5 16. dxc5 Bxg4 17. Qxg4 Nf5 18. Qg6+ Qf7 19. Qxf7+ Kxf7 20. Bf2 g6 21. exf6 Kxf6 22. Nf3 Rc8 23. b4 Bg7 24. Rae1 Rce8 25. Re2 Bh6 26. g4 hxg3 27. hxg3 Kf7 28. Rfe1 Re7 29. Kg2 Rhe8 30. g4 Bxf4 31. gxf5 gxf5 32. Ne5+ Kf6 33. Bh4+ Bg5 34. Bxg5+ Kxg5 35. Kf3 Rh7 36. Rg2+ Kf6 37. Rg6+ Ke7 38. Reg1 Reh8 39. R1g3 Rh1 40. Rg7+ Ke8 41. Rxb7 Rf1+ 42. Ke2 1-0


[Site "https://www.chess.com"]

[Event "Titled Tuesday Blitz July 25 Early 2023"]
[White "Kazakouski, Valery"]
[Black "Haug, Havard"]
[WhiteFideId "13507443"]
[BlackFideId "1547887"]
[WhiteElo "2844"]
[BlackElo "2657"]
[Result "0-1"]
[Round "10"]
[TimeControl "180+2"]
[Date "2023.07.25"]
[WhiteClock "0:00:00"]
[BlackClock "0:00:02"]
[Board "43"]

1. Nf3 Nf6 2. c4 e6 3. g3 d5 4. b3 c5 5. e3 Be7 6. Bg2 O-O 7. O-O Nc6 8. Bb2 Ne4 9. cxd5 exd5 10. d4 Bf6 11. Nc3 Re8 12. Ne2 Bf5 13. Qc1 cxd4 14. Nexd4 Bg6 15. Nxc6 bxc6 16. Bxf6 Qxf6 17. Nd4 Rac8 18. b4 c5 19. bxc5 Nxc5 20. Qa3 Be4 21. Qxa7 Nd3 22. Rad1 Ne5 23. Qa4 Ra8 24. Qb3 Qa6 25. Rd2 Nc4 26. Re2 Reb8 27. Qc3 Ne5 28. Ra1 Qf6 29. Qe1 g6 30. a4 Ra6 31. a5 Rba8 32. Rea2 Nc4 33. Qc3 Ne5 34. Qe1 Nc4 35. h4 h5 36. Qb4 Ne5 37. Qb5 Kg7 38. Qf1 Bd3 39. Qd1 Be4 40. f3 Bf5 41. Bf1 R6a7 42. a6 Be6 43. Ra5 Nc4 44. Bxc4 dxc4 45. Qd2 Qe7 46. Qc3 Qf6 47. R1a3 Rb8 48. Nxe6+ fxe6 49. Qxf6+ Kxf6 50. Rc5 Rb6 51. Rxc4 Rbxa6 52. Rxa6 Rxa6 53. Rc2 Ra3 54. Kf2 Ra8 55. Re2 Ra6 56. Kg2 e5 57. e4 Rb6 58. Kf2 Ra6 59. Rd2 Rb6 60. Ke3 Rb3+ 61. Rd3 Rb6 62. f4 Ra6 63. Kf3 Rb6 64. fxe5+ Kxe5 65. Rd5+ Kf6 66. Kf4 Ke6 67. Rg5 Kf6 68. Rd5 Ke6 69. Kg5 Rb3 70. Kxg6 Rxg3+ 71. Rg5 Re3 0-1


[Site "https://www.chess.com"]

[Event "Titled Tuesday Blitz July 25 Early 2023"]
[White "KhalilMousavi98"]
[Black "Sipila, Vilka"]
[BlackFideId "505455"]
[WhiteElo "2829"]
[BlackElo "2619"]
[Result "0-1"]
[Round "10"]
[TimeControl "180+2"]
[Date "2023.07.25"]
[WhiteClock "0:00:33"]
[BlackClock "0:00:25"]
[Board "44"]

1. e4 c5 2. Nf3 e6 3. d4 cxd4 4. Nxd4 Nf6 5. Nc3 Nc6 6. Nxc6 bxc6 7. e5 Nd5 8. Ne4 Bb7 9. Bd3 c5 10. a3 Qc7 11. c4 Qxe5 12. Qf3 Nf6 13. Bf4 Bxe4 14. Bxe5 Bxf3 15. gxf3 d6 16. Bxf6 gxf6 17. b4 f5 18. Kd2 Bh6+ 19. Kc2 Bg7 20. Ra2 Bd4 21. Kb3 a5 22. bxa5 Ke7 23. Kc2 Bxf2 24. Rb1 Rxa5 25. Rb5 Ra7 26. a4 Rha8 27. Kb3 Be1 28. Bc2 Ba5 29. Bd3 Rg8 30. Re2 Kf6 31. Bc2 Rg1 32. Rf2 Be1 33. Re2 Rf1 34. Rxe1 Rxe1 35. Kb2 Ke5 36. a5 Kd4 37. Bb3 d5 38. Ba2 Re2+ 39. Ka3 Rxa2+ 40. Kxa2 Kxc4 41. Rb8 Rxa5+ 0-1


[Site "https://www.chess.com"]

[Event "Titled Tuesday Blitz July 25 Early 2023"]
[White "Putnam, Liam"]
[Black "Nagare Kaivalya Sandip"]
[WhiteFideId "30938279"]
[BlackFideId "25957929"]
[WhiteElo "2787"]
[BlackElo "2656"]
[Result "0-1"]
[Round "10"]
[TimeControl "180+2"]
[Date "2023.07.25"]
[WhiteClock "0:00:23"]
[BlackClock "0:00:17"]
[Board "45"]

1. a4 e5 2. h4 Nc6 3. d3 d5 4. Nf3 Nf6 5. g3 Bc5 6. Bg2 h6 7. c3 a5 8. O-O Qe7 9. e4 dxe4 10. dxe4 O-O 11. Qc2 Nh5 12. Kh2 f5 13. exf5 Bxf5 14. Qb3+ Kh8 15. Qxb7 e4 16. Qxc6 exf3 17. Bxf3 Bd7 18. Qd5 Nf6 19. Qd1 Rad8 20. Bf4 Bg4 21. Bxg4 Rxd1 22. Bxd1 Ne4 23. Re1 Rxf4 24. f3 Rxh4+ 25. Kg2 Qg5 26. fxe4 Rf4 27. Bf3 Rf8 28. Na3 Bd6 29. e5 Bxe5 30. Rxe5 Qxe5 31. Rf1 Qe3 32. Rf2 g5 33. Nc4 Qc5 34. Nd2 g4 35. Ne4 gxf3+ 36. Rxf3 Qe7 37. Re3 Qf7 38. Re1 Qf3+ 39. Kh2 Rf5 40. Kg1 Rh5 41. Nf2 Qxg3+ 42. Kf1 Rf5 43. Re8+ Kh7 44. Re2 h5 45. Ke1 h4 46. Re7+ Kh6 47. Re6+ Kh5 48. Re2 h3 49. Kd2 Rxf2 0-1


[Site "https://www.chess.com"]

[Event "Titled Tuesday Blitz July 25 Early 2023"]
[White "Mamedov, Edgar"]
[Black "Samunenkov, Ihor"]
[WhiteFideId "13739980"]
[BlackFideId "14187086"]
[WhiteElo "2617"]
[BlackElo "2786"]
[Result "0-1"]
[Round "10"]
[TimeControl "180+2"]
[Date "2023.07.25"]
[WhiteClock "0:00:00"]
[BlackClock "0:00:03"]
[Board "46"]

1. d4 Nf6 2. c4 e6 3. Nf3 b6 4. g3 c6 5. Bg2 Be7 6. O-O O-O 7. Nc3 d5 8. Nd2 a5 9. Re1 Ba6 10. b3 b5 11. cxb5 cxb5 12. Bb2 Nc6 13. e4 Rc8 14. exd5 exd5 15. a4 b4 16. Nb5 Qb6 17. Nf1 Bxb5 18. axb5 Qxb5 19. Ne3 Rfe8 20. Qf3 Rcd8 21. g4 h6 22. h4 Qd3 23. Nxd5 Qxf3 24. Nxe7+ Rxe7 25. Bxf3 Rxe1+ 26. Rxe1 Nxd4 27. Bxd4 Rxd4 28. g5 hxg5 29. hxg5 Nd7 30. Ra1 Nc5 31. Rxa5 Nxb3 32. Rb5 g6 33. Bd5 Nd2 34. f3 Nb1 35. Kf2 Nc3 36. Rb8+ Kg7 37. Bb3 Rd2+ 38. Ke3 Rb2 39. Bc4 Nd1+ 40. Kf4 Rd2 41. Rxb4 Rd4+ 42. Ke5 Rd7 43. Bd5 Nc3 44. Be4 Re7+ 45. Kd4 Ne2+ 46. Ke3 Nc3 47. Kd4 Nd1 48. Rb1 Rd7+ 49. Kc5 Ne3 50. Kc6 Rd8 51. Kc7 Re8 52. Kd7 Re5 53. Kd6 Rxg5 54. Re1 Nc4+ 55. Kc6 Re5 56. Kd7 Nd2 0-1


[Site "https://www.chess.com"]

[Event "Titled Tuesday Blitz July 25 Early 2023"]
[White "Vakhlamov, Igor L."]
[Black "Arabidze, Meri"]
[WhiteFideId "24126748"]
[BlackFideId "13604040"]
[WhiteElo "2758"]
[BlackElo "2615"]
[Result "1/2-1/2"]
[Round "10"]
[TimeControl "180+2"]
[Date "2023.07.25"]
[WhiteClock "0:00:05"]
[BlackClock "0:00:05"]
[Board "47"]

1. e4 c5 2. Nf3 e6 3. Nc3 a6 4. d4 cxd4 5. Nxd4 Nc6 6. Nxc6 bxc6 7. Qf3 d5 8. Qg3 g6 9. Be2 Bg7 10. O-O Nf6 11. Bg5 h6 12. Bf4 O-O 13. Rad1 a5 14. Rfe1 Ba6 15. b3 Bxe2 16. Rxe2 Kh7 17. Qf3 Nxe4 18. Nxe4 dxe4 19. Rxe4 Qf6 20. Qe3 Qb2 21. Rc4 Rad8 22. Re1 Rd5 23. Rxc6 Qxa2 24. h3 a4 25. bxa4 Qxa4 26. Rc7 Rf5 27. Bg3 h5 28. c4 Qa5 29. Ra7 Qb4 30. Qe4 Qc3 31. h4 Kg8 32. Rd7 Rc5 33. Red1 Rxc4 34. Qb7 Rd4 35. R1xd4 Bxd4 36. Kh2 Be5 37. Bxe5 Qxe5+ 38. g3 Qf5 39. Kg2 Kg7 40. Qf3 Kf6 41. Qc3+ Qe5 42. Qf3+ Kg7 43. Re7 Qf6 44. Ra7 Rd8 45. Rb7 Qxf3+ 46. Kxf3 Kf6 47. Kg2 Rd3 48. Rb5 e5 49. Rb7 Ke6 50. Ra7 f6 51. Rg7 Kf5 52. Rf7 Rd6 53. Re7 Re6 54. Ra7 Rc6 55. Re7 g5 56. hxg5 Kxg5 57. Rg7+ Kf5 58. Rh7 Kg6 59. Rh8 Rc2 60. Rg8+ Kf5 61. Rh8 Kg6 62. Rg8+ Kf7 63. Rh8 e4 64. Kf1 Rc5 65. Ke2 Re5 66. Ke3 Kg7 67. Ra8 Kg6 68. Rg8+ Kf5 69. Rh8 Kg4 70. Rg8+ Kh3 71. Rg6 Rf5 72. Rh6 Kg2 73. Kxe4 Rxf2 74. Rxh5 Kxg3 75. Rf5 Re2+ 76. Kd3 Re6 77. Kd4 Kg4 78. Rf1 f5 79. Rg1+ Kf4 80. Rf1+ Kg5 81. Rg1+ Kf6 82. Rf1 Re4+ 83. Kd3 Ke5 84. Rh1 Ra4 85. Re1+ Kf6 86. Re8 Ra3+ 87. Ke2 Kg5 88. Rb8 Kg4 89. Kf2 Ra2+ 90. Kf1 f4 91. Rb3 f3 92. Rb8 Ra1+ 93. Kf2 Ra2+ 94. Kf1 Ra1+ 95. Kf2 Ra2+ 96. Kf1 1/2-1/2


[Site "https://www.chess.com"]

[Event "Titled Tuesday Blitz July 25 Early 2023"]
[White "Richter, Nils"]
[Black "Csonka, Balazs"]
[WhiteFideId "12990809"]
[BlackFideId "742910"]
[WhiteElo "2582"]
[BlackElo "2754"]
[Result "1-0"]
[Round "10"]
[TimeControl "180+2"]
[Date "2023.07.25"]
[WhiteClock "0:00:05"]
[BlackClock "0:00:00"]
[Board "48"]

1. d4 Nf6 2. c4 a6 3. Nc3 b5 4. cxb5 axb5 5. Nxb5 e5 6. dxe5 Ne4 7. Nc3 Bb4 8. Bd2 Nxd2 9. Qxd2 O-O 10. Nf3 Nc6 11. e3 Re8 12. Be2 Nxe5 13. Nxe5 Rxe5 14. O-O Bb7 15. a3 Bd6 16. f4 Re7 17. Bf3 Bc5 18. Rae1 c6 19. Kh1 d5 20. e4 Ba6 21. Be2 Bxe2 22. Rxe2 dxe4 23. Qxd8+ Rxd8 24. Rxe4 Rxe4 25. Nxe4 Ba7 26. h3 f5 27. Ng3 g6 28. Rc1 Be3 29. Rf1 Rd2 30. b4 Ra2 31. Rf3 Rxa3 32. Ne2 Kf7 33. Kh2 Ke7 34. Nd4 Rd3 35. Nxc6+ Kd6 36. b5 Rb3 37. Kg3 h6 38. Ne5 Kd5 39. Nxg6 Ke4 40. Kh4 Rxb5 41. Kh5 Rb2 42. Rg3 Bf2 43. Ra3 Bd4 44. Nh4 Bf6 45. Ra4+ Ke3 46. Nxf5+ Kf2 47. g4 Kg2 48. Nxh6 Kxh3 49. g5 Rb5 50. Kg6 Bb2 51. Nf7 Rb6+ 52. Kh5 Kg3 53. f5 Rb7 54. Nh6 Rb8 55. Rg4+ Kf3 56. f6 Rf8 57. Kg6 Bc3 58. Rc4 Bb2 59. Rb4 1-0


[Site "https://www.chess.com"]

[Event "Titled Tuesday Blitz July 25 Early 2023"]
[White "Matinian, Nikita"]
[Black "Ezat, Mohamed"]
[WhiteFideId "24129100"]
[BlackFideId "10600906"]
[WhiteElo "2746"]
[BlackElo "2600"]
[Result "1/2-1/2"]
[Round "10"]
[TimeControl "180+2"]
[Date "2023.07.25"]
[WhiteClock "0:00:03"]
[BlackClock "0:00:15"]
[Board "49"]

1. e4 e5 2. Nf3 Nc6 3. Bb5 Nge7 4. Nc3 d6 5. d4 Bd7 6. O-O Ng6 7. d5 Nce7 8. a4 Ng8 9. Be3 Nf6 10. Nd2 Be7 11. f3 Nh5 12. Bxd7+ Qxd7 13. a5 a6 14. Ne2 h6 15. c4 Bg5 16. Bf2 Bxd2 17. Qxd2 O-O 18. c5 f5 19. exf5 Ngf4 20. Ng3 Qb5 21. Nxh5 Nxh5 22. cxd6 cxd6 23. g4 Nf4 24. Be3 Nxd5 25. Rfd1 Nf6 26. h3 d5 27. Rac1 Rac8 28. Bxh6 Rxc1 29. Rxc1 gxh6 30. Qxh6 Qd7 31. Kg2 e4 32. Qg6+ Qg7 33. Qxg7+ Kxg7 34. fxe4 Nxe4 35. h4 Kf6 36. Kf3 Ke5 37. Rc7 Rh8 38. h5 Rg8 39. Rxb7 Nd2+ 40. Kg3 Ne4+ 41. Kf3 Nd2+ 42. Ke2 Ne4 43. Kf3 1/2-1/2


[Site "https://www.chess.com"]

[Event "Titled Tuesday Blitz July 25 Early 2023"]
[White "Xu, Yi"]
[Black "Vlassov, Nikolai"]
[WhiteFideId "8605564"]
[BlackFideId "4103360"]
[WhiteElo "2741"]
[BlackElo "2576"]
[Result "1-0"]
[Round "10"]
[TimeControl "180+2"]
[Date "2023.07.25"]
[WhiteClock "0:00:45"]
[BlackClock "0:00:02"]
[Board "50"]

1. a3 Nf6 2. h3 e5 3. b4 d5 4. Bb2 Bd6 5. g4 O-O 6. Bg2 c6 7. e3 Nbd7 8. Ne2 e4 9. d3 Qe7 10. Nd2 exd3 11. cxd3 Ne5 12. Nf3 Re8 13. Nxe5 Bxe5 14. Bxe5 Qxe5 15. d4 Qd6 16. O-O h5 17. g5 Nh7 18. Nf4 Nxg5 19. Qxh5 Qf6 20. b5 Bf5 21. a4 Be4 22. Rfc1 Bxg2 23. Kxg2 Ne6 24. Nd3 g6 25. Qf3 Qg5+ 26. Qg4 Qf6 27. bxc6 bxc6 28. Ne5 Nd8 29. Rab1 Re6 30. a5 Qe7 31. a6 c5 32. Nd3 cxd4 33. Qxd4 Rxa6 34. Qxd5 Nc6 35. Rxc6 Rd8 36. Rb8 Rxc6 37. Qxd8+ Qxd8 38. Rxd8+ Kg7 39. Ra8 1-0


[Site "https://www.chess.com"]

[Event "Titled Tuesday Blitz July 25 Early 2023"]
[White "Timmermans, Mark"]
[Black "Mohammad Fahad, Rahman"]
[WhiteFideId "1026399"]
[BlackFideId "10207791"]
[WhiteElo "2730"]
[BlackElo "2671"]
[Result "1/2-1/2"]
[Round "10"]
[TimeControl "180+2"]
[Date "2023.07.25"]
[WhiteClock "0:02:12"]
[BlackClock "0:00:58"]
[Board "51"]

1. b4 Nf6 2. Bb2 e6 3. b5 d5 4. e3 c5 5. c4 Be7 6. Nf3 O-O 7. a4 b6 8. Be2 Bb7 9. O-O Nbd7 10. d4 cxd4 11. Nxd4 dxc4 12. Bxc4 Ne5 13. Be2 Qd5 14. Nf3 Qxd1 15. Rxd1 Nxf3+ 16. gxf3 Nd5 17. Nc3 Bf6 18. Rac1 Rfd8 19. Ba1 Nxc3 20. Rxd8+ Rxd8 21. Bxc3 Rc8 22. Bd2 Rxc1+ 23. Bxc1 Bd5 24. Bd2 Bd8 25. Bd1 Kf8 26. Bb4+ Be7 27. Bc3 f6 28. a5 Bc4 29. axb6 axb6 30. Bd4 Bd8 31. Ba4 e5 32. Bc3 Be7 33. f4 exf4 34. exf4 Bc5 35. Kg2 Ke7 36. Kf3 Kd6 37. h4 h5 38. Kg3 Kd5 39. Kf3 Bd4 40. Bb4 Bc5 41. Bc3 Bd3 42. Bb3+ Bc4 43. Ba4 1/2-1/2


[Site "https://www.chess.com"]

[Event "Titled Tuesday Blitz July 25 Early 2023"]
[White "Yurovskykh, Oleksandr"]
[Black "Kuznetsov, Felix"]
[WhiteFideId "14134020"]
[BlackFideId "34147990"]
[WhiteElo "2566"]
[BlackElo "2718"]
[Result "0-1"]
[Round "10"]
[TimeControl "180+2"]
[Date "2023.07.25"]
[WhiteClock "0:00:12"]
[BlackClock "0:00:06"]
[Board "52"]

1. c4 Nf6 2. g3 e5 3. Bg2 c6 4. Nf3 e4 5. Nd4 d5 6. cxd5 Qxd5 7. Nc2 Bc5 8. Nc3 Qe5 9. O-O O-O 10. d4 exd3 11. exd3 Bg4 12. Qd2 Qh5 13. d4 Bb6 14. Qg5 Nbd7 15. h3 Qxg5 16. Bxg5 Bf5 17. Ne3 Bg6 18. Rad1 h6 19. Bf4 Rfe8 20. d5 cxd5 21. Nexd5 Nxd5 22. Bxd5 Nc5 23. Be3 Nd3 24. Bxb6 axb6 25. Rd2 Re7 26. Rfd1 Nc5 27. b4 Na4 28. Nxa4 Rxa4 29. Bb3 Rxb4 30. Rd7 Rbe4 31. Rxe7 Rxe7 32. Rd6 Be4 33. Rxb6 Bf3 34. g4 Bc6 35. a4 g5 36. Bc4 Re1+ 37. Kh2 Rh1+ 38. Kg3 Rg1+ 39. Kh2 Rg2+ 40. Kh1 Rxf2+ 41. Kg1 Rg2+ 42. Kf1 Rc2 43. Bb5 Rb2 44. Ke1 Kg7 45. Kd1 Bf3+ 46. Kc1 Rh2 47. Bd7 Rxh3 48. Bc8 Bc6 49. a5 Ra3 50. Bxb7 Bxb7 51. Rxb7 Rxa5 52. Rb4 Re5 53. Kd2 Kg6 54. Kd3 h5 55. Rb6+ Re6 56. gxh5+ Kxh5 57. Rb7 f5 58. Rg7 Kg4 59. Kd4 f4 60. Kd3 Re8 61. Kd2 Kh4 62. Rh7+ Kg3 63. Rg7 g4 64. Ra7 f3 65. Ra1 Kg2 66. Kd3 f2 0-1


[Site "https://www.chess.com"]

[Event "Titled Tuesday Blitz July 25 Early 2023"]
[White "Panesar Vedant"]
[Black "Ambartsumova, Karina"]
[WhiteFideId "35033018"]
[BlackFideId "4166299"]
[WhiteElo "2713"]
[BlackElo "2563"]
[Result "1-0"]
[Round "10"]
[TimeControl "180+2"]
[Date "2023.07.25"]
[WhiteClock "0:00:19"]
[BlackClock "0:00:00"]
[Board "53"]

1. d4 d6 2. Nf3 g6 3. c4 Bg7 4. g3 Nf6 5. Bg2 O-O 6. O-O c6 7. Nc3 Bf5 8. Ne1 Be6 9. b3 d5 10. cxd5 cxd5 11. Nd3 Nc6 12. Nf4 Qd7 13. Ba3 Rfd8 14. Nxe6 Qxe6 15. e3 Rac8 16. Rc1 b6 17. Qd3 Qd7 18. Rfd1 e6 19. Qa6 Nb8 20. Qb5 Qxb5 21. Nxb5 a6 22. Na7 Rxc1 23. Rxc1 Ne8 24. Nc8 b5 25. Ne7+ Kh8 26. Bf1 Bf6 27. Nc6 Nxc6 28. Rxc6 Ra8 29. Bc5 Bd8 30. a4 bxa4 31. bxa4 a5 32. g4 Kg7 33. Kg2 h6 34. Bd3 Nf6 35. f3 Rb8 36. Bb5 Ra8 37. h3 Nd7 38. Bd6 Nf6 39. Kf2 Ne8 40. Be5+ Bf6 41. Bg3 Be7 42. Ke2 Nf6 43. Rc7 Bb4 44. Be5 g5 45. Kf2 Kg6 46. Bd3+ Kg7 47. Kg3 Re8 48. h4 Re7 49. Rc8 Ra7 50. hxg5 hxg5 51. f4 gxf4+ 52. exf4 Be7 53. g5 Rb7 54. gxf6+ Bxf6 55. Bb5 Kg6 56. Bxf6 Kxf6 57. Kf3 Ke7 58. Ke3 f6 59. Rh8 Kd6 60. Rh6 Rf7 61. f5 e5 62. Rg6 e4 63. Kf4 Rf8 64. Be2 Rf7 65. Bh5 Rf8 66. Rh6 Kc6 67. Rh7 Rb8 68. Rf7 Rb4 69. Rxf6+ Kc7 70. Ke5 e3 71. Kxd5 Rxa4 72. Re6 1-0


[Site "https://www.chess.com"]

[Event "Titled Tuesday Blitz July 25 Early 2023"]
[White "Koellner, Ruben Gideon"]
[Black "Salman, Pavel"]
[WhiteFideId "12993093"]
[BlackFideId "24153753"]
[WhiteElo "2711"]
[BlackElo "2519"]
[Result "1/2-1/2"]
[Round "10"]
[TimeControl "180+2"]
[Date "2023.07.25"]
[WhiteClock "0:01:06"]
[BlackClock "0:00:14"]
[Board "54"]

1. d4 Nf6 2. Nf3 c5 3. e3 g6 4. dxc5 Bg7 5. Nbd2 O-O 6. Be2 Na6 7. Bxa6 bxa6 8. O-O Qc7 9. Nb3 Bb7 10. Rb1 Ne4 11. Qd3 a5 12. a4 Nxc5 13. Nxc5 Qxc5 14. Qxd7 Bxf3 15. gxf3 Qxc2 16. Ra1 Bf6 17. Qd2 Qf5 18. f4 Rfd8 19. Qe2 Rac8 20. Re1 Rc2 21. Qf3 Bxb2 22. Bxb2 Rxb2 23. Red1 Rdd2 24. Rxd2 Rxd2 25. Rc1 Ra2 26. Rc4 Ra1+ 27. Kg2 h5 28. h3 Qb1 29. Kg3 Qg1+ 30. Kh4 Kh7 31. Rc7 Kh6 32. Qg3 Qxg3+ 33. Kxg3 Rxa4 34. Rxe7 Kg7 35. Rxa7 Kf6 36. e4 Rxe4 37. Rxa5 Rb4 38. Ra6+ Kg7 39. f3 Rc4 40. Ra5 Kf6 41. Ra6+ Kg7 42. Ra5 Rb4 43. f5 g5 44. Ra6 Rf4 45. Ra3 h4+ 46. Kf2 Rxf5 47. Ke3 Re5+ 48. Kf2 Rb5 49. Ra2 Kg6 50. Kg2 Kf5 51. Kf2 f6 52. Kg2 Kf4 53. Ra4+ Kf5 54. Ra2 Rb4 55. Kf2 Kf4 56. Rc2 f5 57. Ra2 Rc4 58. Rb2 Ra4 59. Rc2 Ra5 60. Rc4+ Ke5 61. Rc2 Kd4 62. Rd2+ Ke5 63. Re2+ Kf4 64. Rb2 Ra4 65. Rc2 g4 66. fxg4 fxg4 67. hxg4 Kxg4 68. Kg2 Rd4 69. Kh2 Re4 70. Rg2+ Kf4 71. Kh3 Kf3 72. Rg8 Re1 73. Rf8+ Ke2 74. Re8+ Kf1 75. Rxe1+ Kxe1 76. Kxh4 1/2-1/2


[Site "https://www.chess.com"]

[Event "Titled Tuesday Blitz July 25 Early 2023"]
[White "Weetik, Vjacheslav"]
[Black "Valgmae, Toomas"]
[WhiteFideId "4153472"]
[BlackFideId "4502523"]
[WhiteElo "2680"]
[BlackElo "2457"]
[Result "1/2-1/2"]
[Round "10"]
[TimeControl "180+2"]
[Date "2023.07.25"]
[WhiteClock "0:00:11"]
[BlackClock "0:00:15"]
[Board "55"]

1. d4 d5 2. c4 c6 3. Nf3 Nf6 4. g3 Bg4 5. Ne5 Bh5 6. Qb3 Qb6 7. c5 Qc7 8. Bf4 Qc8 9. h3 Nbd7 10. g4 Bg6 11. Nc3 Nxe5 12. Bxe5 Nd7 13. Bg3 e5 14. e3 Be7 15. h4 h6 16. Bh3 exd4 17. exd4 O-O 18. O-O-O b6 19. cxb6 axb6 20. f4 f5 21. h5 fxg4 22. Bxg4 Bf5 23. Bxf5 Rxf5 24. Kb1 Bd6 25. Rhg1 Qf8 26. a3 Qf7 27. Rc1 Qxh5 28. Ne4 Bf8 29. Rxc6 Kh8 30. Nc3 Re8 31. Qb5 Nf6 32. Rxb6 Ne4 33. Be1 Qf7 34. Ka2 Nxc3+ 35. Bxc3 Rxf4 36. Rb7 Qe6 37. Re1 Re4 38. Rf1 Bd6 39. Rff7 Bf8 40. Bb4 Bxb4 41. Qxb4 Rg4 42. a4 Qe4 43. a5 Rg1 44. Rf8+ Rxf8 45. Qxf8+ Kh7 46. Rb8 Qb1+ 47. Kb3 Rg3+ 48. Ka4 Qa2+ 49. Kb5 Qc4+ 50. Kb6 Rg6+ 51. Kb7 Qa6+ 52. Kc7 Qc6+ 53. Kd8 Rd6+ 54. Qxd6 Qxd6+ 55. Kc8 Qc6+ 56. Kd8 h5 57. b4 h4 58. b5 Qd6+ 59. Kc8 h3 60. a6 h2 61. a7 h1=Q 62. a8=Q Qh3+ 63. Kb7 Qhh6 64. Rc8 Kg6 65. Rc7 Kf5 66. Qc8+ Qde6 67. Rc6 Qxc8+ 68. Kxc8 Qe3 69. b6 Qe8+ 70. Kc7 Qe7+ 71. Kc8 Qe8+ 72. Kc7 Qe7+ 73. Kc8 Qe8+ 1/2-1/2


[Site "https://www.chess.com"]

[Event "Titled Tuesday Blitz July 25 Early 2023"]
[White "Eynullayev, Altay"]
[Black "Eggleston, Thomas A"]
[WhiteFideId "13413562"]
[BlackFideId "412139"]
[WhiteElo "2567"]
[BlackElo "2431"]
[Result "1-0"]
[Round "10"]
[TimeControl "180+2"]
[Date "2023.07.25"]
[WhiteClock "0:00:12"]
[BlackClock "0:00:17"]
[Board "56"]

1. e4 e6 2. d4 d5 3. e5 c5 4. c3 Nc6 5. Nf3 Qb6 6. a3 f6 7. Bd3 fxe5 8. dxe5 c4 9. Bc2 Nh6 10. O-O Nf7 11. Qe2 Be7 12. Nbd2 g5 13. h3 Bd7 14. b3 cxb3 15. Nxb3 O-O-O 16. Nbd4 Qc7 17. Re1 Rdg8 18. Nxc6 Qxc6 19. Nd4 Qxc3 20. Be3 Nxe5 21. Ba4 Nc4 22. Bxd7+ Kxd7 23. Bxg5 Rxg5 24. Qxe6+ Kd8 25. Qxe7+ Kc8 26. Ne6 Rxg2+ 27. Kxg2 Rg8+ 28. Kh2 Kb8 29. Nf8 Nd2 30. Qd8+ Qc8 31. Qxc8+ Kxc8 32. Re8+ Kc7 33. Ne6+ Kd7 34. Rxg8 Kxe6 35. Rd1 Nf3+ 36. Kg3 Ne5 37. Re8+ Kf5 38. Rxd5 1-0


[Site "https://www.chess.com"]

[Event "Titled Tuesday Blitz July 25 Early 2023"]
[White "Marn, Jan"]
[Black "Oro, Faustino"]
[WhiteFideId "14619245"]
[BlackFideId "20000197"]
[WhiteElo "2449"]
[BlackElo "2822"]
[Result "1-0"]
[Round "10"]
[TimeControl "180+2"]
[Date "2023.07.25"]
[WhiteClock "0:00:05"]
[BlackClock "0:00:08"]
[Board "57"]

1. f4 d5 2. Nf3 Nf6 3. e3 c5 4. Be2 Nc6 5. O-O Bf5 6. d3 h6 7. a4 e6 8. Bd2 Be7 9. Be1 O-O 10. Bh4 Bh7 11. Qc1 Nd7 12. Bxe7 Qxe7 13. Nc3 d4 14. Ne4 e5 15. fxe5 Ndxe5 16. exd4 Nxf3+ 17. Bxf3 Nxd4 18. Nc3 Rae8 19. Nb5 Nxf3+ 20. Rxf3 b6 21. Qd2 Qd7 22. Qc3 f6 23. Rff1 Bg6 24. Rae1 Bf7 25. Rxe8 Rxe8 26. Re1 Rd8 27. Re3 Bd5 28. Qe1 Bc6 29. Re7 Qg4 30. Qe2 Qf5 31. Qe6+ Qxe6 32. Rxe6 Bd5 33. Re7 a5 34. Kf2 Kf8 35. Rc7 Re8 36. Nd6 Re6 37. Nf5 Re5 38. Ne3 Be6 39. Rb7 Bf7 40. Rxb6 Be8 41. b3 f5 42. Nc4 Re7 43. Ra6 f4 44. Rxa5 Rc7 45. g3 fxg3+ 46. hxg3 g5 47. Ra6 Kg7 48. Rb6 Bg6 49. a5 h5 50. a6 Kg8 51. Rxg6+ Kf7 52. Rxg5 Ra7 53. Rxc5 Rxa6 54. Rxh5 Ra2 55. Ne3 Kg6 56. Rc5 Ra1 57. Kf3 Rh1 58. Ke4 Re1 59. b4 Rg1 60. g4 Rb1 61. b5 Kf6 62. c4 Ke6 63. Rc6+ Kd7 64. g5 Re1 65. g6 Rg1 66. Rf6 Ke7 67. Nd5+ Kd7 68. b6 Rg4+ 69. Ke3 Kc8 70. Rf8+ Kb7 71. Rf7+ Kc6 72. Rc7+ Kd6 73. b7 Ke6 74. b8=Q Rg3+ 75. Kd2 Kf5 76. Qf8+ Kg4 77. Qf4+ Kh3 78. Rh7+ Kg2 79. Ne3+ 1-0


[Site "https://www.chess.com"]